Map: Pylon LE

Players

Lambo - Winner!

  • Race: Zerg Zerg
  • League: Master
  • Spawn Location: 5:00

Nicoract

  • Race: Terran Terran
  • League: Grandmaster
  • Spawn Location: 11:00

VOD

Have the link to the VOD?

Description

Time

  • Played on: July 17, 2025, 9:44 a.m.
  • Length: 5:27
Show
View Real Time Build Order
Export as new Build Order

Lambo Zerg - Winner!

Build Orders: Hatch First 

Get SALT Encoding   

  12  0:00  Drone  
  13  0:07  Drone  
  14  0:14  Extractor, Drone  
  14  0:21  Overlord  
  15  0:40  Drone  
  16  0:44  Hatchery  
  16  0:48  Drone  
  16  0:51  Drone  
  16  0:55  Drone  
  18  1:05  Extractor  
  18  1:10  Spawning Pool  
  16  1:13  Drone  
  16  1:17  Drone  
  18  1:26  Drone  
  19  1:37  Drone  
  20  1:48  Drone  
  21  1:56  Queen  
  21  1:57  Queen  
  21  1:58  Zergling x4  
  27  2:08  Drone  
  28  2:09  Overlord  
  28  2:16  Hatchery  
  28  2:19  Drone  
  28  2:31  Drone x3  
  28  2:37  Queen  
  31  2:41  Overlord  
  33  2:44  Drone  
  33  2:50  Drone  
  35  2:52  Drone  
  36  3:00  Drone  
  36  3:02  Drone  
  38  3:06  Drone  
  38  3:07  Drone x2  
  38  3:08  Drone x3  
  44  3:13  Roach Warren  
  44  3:17  Overlord  
  44  3:18  Extractor  
  42  3:20  Extractor  
  42  3:23  Drone  
  42  3:25  Drone  
  43  3:27  Overlord  
  43  3:34  Drone  
  43  3:35  Drone  
  43  3:38  Drone x3  
  43  3:39  Overlord  
  48  3:44  Metabolic Boost  
  48  3:54  Evolution Chamber  
  47  3:58  Roach x4  
  47  3:59  Overlord  
  47  4:02  Roach  
  57  4:03  Overlord  
  57  4:09  Roach x2  
  61  4:16  Evolution Chamber  
  59  4:18  Roach  
  59  4:23  Roach x4  
  69  4:26  Overlord  
  69  4:30  Zergling x4  
  71  4:33  Zergling x4  
  73  4:40  Zergling x2  
  73  4:41  Zergling x2  
  73  4:42  Zergling x6  
  78  4:47  Evolution Chamber  
  78  4:49  Ravager  
  78  4:50  Ravager x2  
  80  4:58  Zergling x14  
  88  5:01  Zergling x2  
  89  5:08  Zergling x4  
  89  5:09  Spore Crawler  
  89  5:13  Ravager x2  
  87  5:24  Spore Crawler  
  87  5:25  Ravager  
Show
View Real Time Build Order
Export as new Build Order

Nicoract Terran 

Build Orders: Reaper Expand, Hellion Banshee 

Get SALT Encoding   

  12  0:00  SCV  
  13  0:12  SCV  
  14  0:17  Supply Depot  
  14  0:24  SCV  
  15  0:38  SCV  
  15  0:40  Barracks  
  16  0:44  Refinery  
  16  0:50  SCV  
  17  1:02  SCV  
  18  1:15  SCV  
  19  1:27  Reaper, Orbital Command  
  20  1:37  Command Center  
  20  1:48  Supply Depot  
  20  1:53  SCV  
  21  1:59  Marine  
  22  2:04  Factory  
  22  2:05  SCV  
  23  2:17  SCV  
  23  2:22  Barracks Reactor  
  24  2:29  SCV  
  25  2:37  Command Center  
  25  2:41  SCV  
  26  2:49  Orbital Command  
  26  2:53  SCV  
  27  2:58  Starport  
  28  3:05  SCV, Refinery  
  28  3:10  Hellion x2  
  32  3:13  Barracks Tech Lab  
  32  3:16  SCV  
  32  3:17  SCV  
  34  3:28  SCV  
  34  3:29  SCV  
  34  3:31  Hellion  
  34  3:32  Hellion  
  40  3:40  SCV  
  41  3:42  SCV, Banshee  
  41  3:43  Marine  
  46  3:49  Orbital Command  
  46  3:52  SCV  
  46  3:54  SCV, Supply Depot  
  48  3:56  Cloaking Field  
  48  4:04  SCV  
  48  4:06  SCV  
  48  4:07  Hellion x2  
  48  4:08  Barracks Tech Lab  
  54  4:17  SCV  
  55  4:18  SCV x2  
  55  4:21  Supply Depot  
  57  4:25  Banshee  
  57  4:27  Marine  
  57  4:29  SCV  
  57  4:30  SCV  
  63  4:31  SCV  
  64  4:41  SCV  
  64  4:42  SCV  
  64  4:43  SCV  
  64  4:45  Supply Depot  
  67  4:46  Factory Reactor, Barracks  
  67  4:47  Barracks  
  67  4:49  Marine  
  67  4:50  Refinery  
  68  4:58  Refinery, Orbital Command, SCV x2, Engineering Bay  
  68  4:59  Engineering Bay  
  70  5:04  Supply Depot  
  69  5:10  SCV x2  
Tags
 
Add a new tag
Caveats
  • Supply blocks, unpowered buildings, or Contaminate may cause inaccurate times.
  • Supply counts are checked every 10 seconds.